 Dungeon Sprint DCSS version 0.26-a0-1033-gd598b01645 (webtiles) character file.

Game seed: 9303021555440263757

977 mhtbhm the Basher (level 7, -2/81 HPs)
             Began as a Troll Berserker on Dec 10, 2020.
             Was a High Priest of Trog.
             Splashed by a brown ugly thing's acid (7 damage)
             ... in the Dungeon (Sprint IX: "|||||||||||||||||||||||||||||").
             The game lasted 00:00:32 (292 turns).

mhtbhm the Basher (Troll Berserker)                  Turns: 292, Time: 00:00:32

Health: -2/81      AC:  2    Str: 28    XL:     7   Next: 95%
Magic:  6/6        EV: 13    Int:  3    God:    Trog [*****.]
Gold:   0          SH:  0    Dex:  9    Spells: 6/6 levels left

rFire    . . .     SeeInvis .   a - +2 morningstar (vorpal)
rCold    . . .     Faith    .   (no shield)
rNeg     . . .     Spirit   .   b - +0 animal skin
rPois    .         Reflect  .   (helmet restricted)
rElec    .         Harm     .   (no cloak)
rCorr    .         Rampage  .   (gloves unavailable)
Will     .....     NoTele   +   (boots unavailable)
Stlth    +.........             (no amulet)
HPRegen  0.63/turn              (no ring)
MPRegen  0.10/turn              (no ring)

@: corroded, berserk cooldown, slowed, very slow
A: large, unfitting armour, claws 3, regeneration 1, shaggy fur 1, tough skin 3
a: Berserk, Trog's Hand, Brothers in Arms, Renounce Religion


You were in the Dungeon.
You worshipped Trog.
Trog was extremely pleased with you.
You visited 1 branch

Inventory:

Hand Weapons
 a - a +2 vorpal morningstar (weapon)
Armour
 b - a +0 animal skin (worn)
Jewellery
 l - a +2 ring of protection
 m - a +2 ring of protection
Wands
 k - a wand of iceblast (10)
Scrolls
 h - 2 scrolls of blinking
 j - 3 scrolls of remove curse
Potions
 c - 5 potions of curing
 d - 3 potions of heal wounds
 e - a potion of haste
 f - 4 potions of magic
 g - a potion of berserk rage
 i - a potion of invisibility


   Skills:
 + Level 8.8 Fighting
 + Level 10.8 Maces & Flails
 + Level 7.6 Dodging


You had 6 spell levels left.
You didn't know any spells.
Your spell library was empty.

Dungeon Overview and Level Annotations

Branches:
Dungeon (1/1)

Altars:
Cheibriados
Dithmenos
Elyvilon
Fedhas
Gozag
Hepliaklqana
Kikubaaqudgha
Makhleb
Nemelex Xobeh
Okawaru
Qazlal
Ru
Sif Muna
Trog
Uskayaw
Vehumet
Wu Jian
Xom
Yredelemnul
Zin
The Shining One
Beogh
Jiyva
Lugonu


Innate Abilities, Weirdness & Mutations

You are too large for most types of armour.
You have claws for hands.
Your natural rate of healing is unusually fast.
You are covered in fur. (AC +1)
You have extremely tough skin. (AC +3)


Message History

The brown ugly thing tail-slaps you.
You are splashed with acid!
You closely miss the brown ugly thing.
The brown ugly thing is severely wounded.
You barely miss the brown ugly thing.
The brown ugly thing is severely wounded.
You are no longer berserk.
You are exhausted.
You feel yourself slow down.
The brown ugly thing tail-slaps you but does no damage.
You hit the brown ugly thing.
The brown ugly thing is severely wounded.
The brown ugly thing misses you. The brown ugly thing tail-slaps you.
The acid corrodes you!
You are splashed with acid!
* * * LOW HITPOINT WARNING * * *
You thump the brown ugly thing!
The brown ugly thing is almost dead.
The brown ugly thing tail-slaps you!
* * * LOW HITPOINT WARNING * * *
You are splashed with acid!
You die... ▓▓▓▓▓▓▓▓▓▓▓▓▓▓▓▓▓▓▓▓▓▓▓▓ '.?).[[[..†.....@uoZz... ▓▓▓▓▓▓▓▓▓▓▓▓▓▓▓▓▓▓▓▓▓▓▓▓

You could see a brown ugly thing, an orc warrior, a wight and a bat zombie.

Vanquished Creatures
  A two-headed ogre (D)
  A necrophage (D)
  A bullfrog (D)
  2 scorpions (D)
  An iguana (D)
  3 worker ants (D)
  A worm (D)
  2 dart slugs (D)
  A leopard gecko (D)
  An orc (D)
  A bat zombie (D)
  A giant cockroach (D)
  2 rats (D)
18 creatures vanquished.

Notes
Turn   | Place    | Note
-------+----------+-------------------------------------------
     0 | D        | mhtbhm the Troll Berserker began the quest for the Orb.
     0 | D        | Reached XP level 1. HP: 22/22 MP: 0/0
    12 | D        | Reached skill level 3 in Maces & Flails
    15 | D        | Reached ** piety under Trog
    21 | D        | Reached XP level 2. HP: 31/31 MP: 1/1
   127 | D        | Noticed a scorpion
   131 | D        | Reached *** piety under Trog
   135 | D        | Killed a scorpion
   136 | D        | Reached skill level 5 in Maces & Flails
   136 | D        | Reached XP level 3. HP: 40/40 MP: 2/2
   139 | D        | Reached XP level 4. HP: 49/49 MP: 3/3
   178 | D        | Found a roughly hewn altar of Beogh.
   178 | D        | Found a snail-covered altar of Cheibriados.
   178 | D        | Found a shadowy altar of Dithmenos.
   178 | D        | Found a white marble altar of Elyvilon.
   178 | D        | Found a blossoming altar of Fedhas.
   178 | D        | Found an opulent altar of Gozag.
   179 | D        | Found a hazy altar of Hepliaklqana.
   180 | D        | Found a viscous altar of Jiyva.
   181 | D        | Found an ancient bone altar of Kikubaaqudgha.
   182 | D        | Found a corrupted altar of Lugonu.
   183 | D        | Found a burning altar of Makhleb.
   184 | D        | Found a sparkling altar of Nemelex Xobeh.
   185 | D        | Found an iron altar of Okawaru.
   186 | D        | Found a stormy altar of Qazlal.
   187 | D        | Found a sacrificial altar of Ru.
   188 | D        | Found a shimmering blue altar of Sif Muna.
   189 | D        | Found a bloodstained altar of Trog.
   190 | D        | Found a hide-covered altar of Uskayaw.
   191 | D        | Found a radiant altar of Vehumet.
   192 | D        | Found an ornate altar of the Wu Jian Council.
   193 | D        | Found a shimmering altar of Xom.
   194 | D        | Found a basalt altar of Yredelemnul.
   195 | D        | Found a glowing silver altar of Zin.
   196 | D        | Found a glowing golden altar of the Shining One.
   223 | D        | Noticed a bullfrog
   223 | D        | Noticed a necrophage
   225 | D        | Reached **** piety under Trog
   229 | D        | Reached skill level 5 in Fighting
   229 | D        | Reached skill level 6 in Maces & Flails
   229 | D        | Reached XP level 5. HP: 57/57 MP: 4/4
   231 | D        | Reached skill level 7 in Maces & Flails
   231 | D        | Reached skill level 5 in Dodging
   234 | D        | Killed a necrophage
   235 | D        | Reached skill level 8 in Maces & Flails
   235 | D        | Reached XP level 6. HP: 68/68 MP: 5/5
   235 | D        | Reached ***** piety under Trog
   274 | D        | Noticed a two-headed ogre
   274 | D        | Noticed an orc warrior
   274 | D        | Noticed a brown ugly thing
   283 | D        | Killed a two-headed ogre
   284 | D        | Reached skill level 10 in Maces & Flails
   284 | D        | Reached XP level 7. HP: 53/81 MP: 6/6
   292 | D        | Splashed by a brown ugly thing's acid

Illustrated notes

Levels and vault maps discovered:
D:        linesprint [early_d, line_temple, items_1, d_10, items_2, lair_1,
          lair_end, items_3, orc_1, orc_end, items_4, d_15, swamp_1, shoals_1,
          snake_1, spider_1, d_20, vaults_1, items_5, swamp_end, shoals_end,
          snake_end, spider_end, vaults_end, d_27, items_6, zot_1, zot_end,
          crypt_end, forest_end, elf_end, slime_end, tomb_end, abyss_end,
          pan_hell_end]

Skill      XL: |  1  2  3  4  5  6 |
---------------+-------------------+-----
Maces & Flails | 3 5 6 8 10 | 10.8
Fighting       | 3 4 5 6 8 |  8.8
Dodging        | 3 4 5 7 |  7.6

Action                   |  1- 3 |  4- 6 |  7- 9 || total
-------------------------+-------+-------+-------++-------
Melee: Mace              |    26 |     1 |       ||    27
       Morningstar       |       |    19 |     9 ||    28
Invok: Berserk           |     1 |     2 |       ||     3
Armor: Animal skin       |     3 |     2 |     1 ||     6
Dodge: Dodged            |    12 |    12 |     2 ||    26

Table legend: (Time is in decaauts)
 A = Elapsed time spent in this place.
 B = Non-inter-level travel time spent in this place.
 C = Inter-level travel time spent in this place.
 D = Time resting spent in this place.
 E = Time spent auto-exploring this place.
 F = Levels seen in this place.
 G = Mean time per level.
                   A        B        C        D        E       F      G
               +--------+--------+--------+--------+--------+-----+--------+
         Total |    308 |    308 |      0 |    186 |      3 |   1 |  308.0 |
       Dungeon |    308 |    308 |      0 |    186 |      3 |   1 |  308.0 |
               +--------+--------+--------+--------+--------+-----+--------+

Top non-repeatable levels by time:
       D: 308 daAuts
